 Dungeon Crawl Stone Soup version 0.20-a0-1009-gc986637 (webtiles) character file.

132015 Uristic the Fencer (level 17, -9/136 HPs)
             Began as a Human Skald on Apr 15, 2017.
             Was a High Priest of Okawaru.
             Mangled by an entropy weaver (10 damage)
             ... on level 1 of the Spider Nest.
             The game lasted 04:50:45 (43262 turns).

Uristic the Fencer (Human Skald)                   Turns: 43262, Time: 04:50:45

Health: -9/136     AC: 11    Str: 19    XL:     17   Next: 68%
Magic:  15/23      EV: 16    Int: 16    God:    Okawaru [*****.]
Gold:   1895       SH:  0    Dex: 20    Spells: 13/24 levels left

rFire    + . .     SeeInvis .   a - +3 great sword (protect)
rCold    . . .     Gourm    .   (shield currently unavailable)
rNeg     . . .     Faith    +   p - +1 scale mail {rPois}
rPois    +         Spirit   .   I - +1 helmet
rElec    .         Reflect  .   o - +2 cloak {MR+}
rCorr    .         Harm     .   k - +0 pair of gloves {Str+3}
MR       ++...                  j - +0 pair of boots
Stlth    ..........             r - amulet of faith
Regen    0.4/turn               O - +5 ring of dexterity
MPRegen  0.2/turn               D - ring of protection from fire

@: confused, infused, corroded, protection aura
A: rugged brown scales 1, agile 1
a: Heroism, Finesse, Renounce Religion


You were on level 1 of the Spider Nest.
You worshipped Okawaru.
Okawaru was extremely pleased with you.
You were not hungry.

You visited 6 branches of the dungeon, and saw 25 of its levels.
You also visited: Labyrinth, Sewer and Ice Cave.

You collected 3060 gold pieces.
You spent 1165 gold pieces at shops.

Inventory:

Hand Weapons
 a - a +3 great sword of protection (weapon)
Armour
 b - the +2 chain mail of Temperance {rF+ rC+}
   (You bought it in a shop on level 2 of the Orcish Mines)

   It protects you from fire.
   It protects you from cold.
 j - a +0 pair of boots (worn)
 k - a +0 pair of gloves of strength (worn)
 o - a +2 cloak of magic resistance (worn)
 p - a +1 scale mail of poison resistance (worn)
 H - +0 ice dragon scales
 I - a +1 helmet (worn)
Jewellery
 c - an uncursed amulet of magic regeneration
 m - an uncursed ring of flight
 r - an amulet of faith (around neck)
 D - a ring of protection from fire (right hand)
 G - an uncursed ring of protection from cold
 O - a +5 ring of dexterity (left hand)
 U - an uncursed ring of protection from magic
 X - an uncursed ring of see invisible
Wands
 i - a wand of digging (13/24)
 q - a wand of clouds (0/9)
 w - a wand of scattershot (5/9)
 A - a wand of acid (10/15)
 B - a wand of clouds (3/9)
 K - a wand of digging (14/24)
 Q - a wand of paralysis (6/24)
 T - a wand of disintegration (5/24)
Scrolls
 h - 4 scrolls of teleportation
 l - 6 scrolls of remove curse
 s - 6 scrolls of enchant armour
 y - 3 scrolls of enchant weapon
 E - 2 scrolls of fear
 M - a scroll of amnesia
 N - 2 scrolls of identify
 V - a scroll of recharging
 W - 2 scrolls of blinking
Potions
 e - 2 potions of might
 f - 4 potions of mutation
 n - 2 potions of brilliance
 t - 2 potions of heal wounds
 v - 2 potions of flight
 x - 2 potions of cancellation
 L - a potion of magic
 P - a potion of ambrosia {unknown}
 R - a potion of resistance
 S - a potion of lignification {unknown}
Books
 Y - a book of Fire

   Spells                             Type                      Level
   a - Ignite Poison                  Fire/Transmutation/Poison    3
   b - Fireball                       Conjuration/Fire             5
   c - Bolt of Fire                   Conjuration/Fire             6
   d - Ring of Flames                 Charms/Fire                  7
   e - Ignition                       Fire                         8
Miscellaneous
 g - a phantom mirror
 u - a fan of gales
 Z - a lightning rod (3/4)
Comestibles
 d - 9 bread rations
 z - 8 royal jellies
 C - 5 meat rations


   Skills:
 - Level 11.7 Fighting
 * Level 18.5 Long Blades
   Level 1.0 Maces & Flails
 + Level 11.5 Armour
 - Level 8.9 Dodging
 - Level 4.0 Spellcasting
 + Level 11.2 Charms
 - Level 9.0 Invocations
 - Level 4.6 Evocations


You had 13 spell levels left.
You knew the following spells:

 Your Spells              Type           Power        Failure   Level  Hunger
a - Infusion              Chrm           ####         1%          1    None
b - Shroud of Golubria    Chrm/Tloc      ###.......   8%          2    ##.....
c - Song of Slaying       Chrm           #####...     1%          2    ##.....
d - Spectral Weapon       Hex/Chrm       ###.....     14%         3    ###....
e - Regeneration          Chrm/Necr      ###.......   14%         3    ###....


Dungeon Overview and Level Annotations

Branches:
Dungeon (13/15)            Temple (1/1) D:4            Lair (6/6) D:9
 Shoals (0/4) Lair:2       Spider (1/4) Lair:4        Slime (0/5) Lair:5
    Orc (2/2) D:11            Elf (2/3) Orc:2        Vaults (0/5) D:13

Altars:
Ashenzari
Cheibriados
Elyvilon
Fedhas
Gozag
Hepliaklqana
Kikubaaqudgha
Makhleb
Okawaru
Qazlal
Ru
Sif Muna
Trog
Xom
Zin
The Shining One
Beogh

Shops:
D:11 *   Orc:2 *:[(


Innate Abilities, Weirdness & Mutations

You are partially covered in rugged brown scales. (AC +1, +3% HP)
You are agile. (Dex +2)


Message History

There is a crawl-hole back to the Lair, spattered with blood here.
The tarantella bites you but does no damage.
The redback bites you.
* * * LOW HITPOINT WARNING * * *
The entropy weaver hits you!
* * * LOW HITPOINT WARNING * * *
The entropy weaver barely misses you. The entropy weaver hits you!
* * * LOW HITPOINT WARNING * * *
The entropy weaver misses you. The tarantella bites you.
* * * LOW HITPOINT WARNING * * *
You are confused.
The redback bites you!
* * * LOW HITPOINT WARNING * * *
In your confused state, you trip and fall back down the stairs.
* * * LOW HITPOINT WARNING * * *
The tarantella bites you!
* * * LOW HITPOINT WARNING * * *
The entropy weaver completely misses you.
The entropy weaver hits you!
You die...

.........#.......
.......................
........................
..........................#
.................#........#
..........................#
........................#.##
............).^.............#
...............@.^.#.......###
..............sas............#
...........†%..(............##
...........%......#.....#####
...................#....^#
............#...........##
.............#.......[.##
........%...........####
....................#


You could see an entropy weaver, a tarantella, a redback and a friendly spectral
great sword of protection.

Vanquished Creatures
  Rupert (Lair:4)
  Gastronok (Lair:2)
  Donald (Spider:1)
  3 orc warlords
  A dire elephant (Lair:6)
  A minotaur (Lab)
  A fire dragon (Lair:6)
  2 ice dragons (IceCv)
  11 hydras
  A centaur warrior (D:13)
  11 dancing weapons (Elf:1)
  A tengu warrior (D:13)
  4 two-headed ogres
  10 death yaks (Lair:6)
  11 deep elf knights (Elf:1)
  3 skeletal warriors (D:13)
  Nergalle (Orc:1)
  2 unseen horrors
  A deep troll (D:13)
  3 lindwurms (Lair:6)
  10 deep elf archers (Elf:1)
  5 orc knights
  An orb spider (Spider:1)
  2 wolf spiders (Spider:1)
  4 orc sorcerers
  28 deep elf magi
  2 ugly things
  2 cyclopes (D:13)
  A manticore (shapeshifter) (D:13)
  5 elephants
  7 black mambas
  2 gargoyles (D:11)
  Psyche (D:8)
  A guardian serpent (shapeshifter) (D:10)
  Maurice (D:10)
  6 torpor snails (Lair:6)
  4 molten gargoyles (D:11)
  3 centaur zombies (D:13)
  2 ice statues (IceCv)
  16 spiny frogs
  4 rime drakes
  7 komodo dragons
  A freezing wraith (D:13)
  2 tengu conjurers (D:13)
  2 polar bears
  A meliai (shapeshifter) (D:10)
  8 trolls
  4 slime creatures (D:13)
  8 hornets (Lair:6)
  5 jumping spiders
  4 tyrant leeches (Lair:6)
  15 dream sheep (Lair:6)
  7 blink frogs
  15 hippogriffs
  A tarantella (shapeshifter) (D:13)
  A spriggan (D:7)
  2 tarantellas (Spider:1)
  41 yaks
  A yak (shapeshifter) (Elf:1)
  10 redbacks
  3 water elementals (Elf:1)
  3 wraiths
  2 wyverns
  2 basilisks
  4 fire elementals (Elf:1)
  8 vampire mosquitoes
  A steam dragon (D:9)
  Grum (D:11)
  5 wargs
  4 hungry ghosts
  Menkaure (D:6)
  A soldier ant (D:10)
  19 water moccasins
  12 porcupines
  16 ice beasts
  29 orc warriors
  3 black bears
  3 eyes of draining
  3 phantoms
  4 sky beasts
  15 wolves
  19 ogres
  19 centaurs
  13 crocodiles
  6 big kobolds
  16 bullfrogs
  A gnoll sergeant (D:9)
  An earth elemental (Elf:1)
  A wyvern zombie (D:11)
  5 scorpions
  9 killer bees
  5 wights (D:6)
  4 electric eels
  5 howler monkeys
  A lava snake (D:11)
  7 crimson imps
  A quasit (D:11)
  4 bullfrog zombies
  9 hounds
  A gnoll shaman (D:7)
  8 orc priests
  5 jellies
  Crazy Yiuf (D:6)
  5 bullfrog skeletons
  3 iguanas
  11 orc wizards
  Natasha (thrice) (D:2 D:3)
  10 worker ants
  2 hound skeletons
  2 hound zombies
  2 worker ant zombies
  2 howler monkey skeletons
  15 adders
  18 gnolls
  3 river rats
  2 shadow imps
  6 oozes
  An adder zombie (D:6)
  An adder skeleton (D:5)
  9 worms
  5 dart slugs (D:1)
  9 leopard geckos
  62 orcs
  10 bats
  12 giant cockroaches
  12 goblins
  11 hobgoblins
  4 jackals (D:4)
  3 quokkas
  9 ball pythons
  8 frilled lizards
  17 kobolds
  13 rats
  A fungus (Lair:6)
  A plant (Lair:6)
864 creatures vanquished.

Vanquished Creatures (others)
  A deep elf knight (Elf:1)
  An orc wizard (D:11)
  3 orcs (Orc:1)
  A bush (Lair:6)
  36 fungi
  32 plants
  26 spectral weapons
100 creatures vanquished.

Grand Total: 964 creatures vanquished

Notes
Turn   | Place    | Note
-------+----------+-------------------------------------------
     0 | D:1      | Uristic the Human Skald began the quest for the Orb.
     0 | D:1      | Reached XP level 1. HP: 16/16 MP: 3/3
    80 | D:1      | Reached XP level 2. HP: 16/22 MP: 5/5
   395 | D:1      | Learned a level 2 spell: Shroud of Golubria
   398 | D:1      | Learned a level 2 spell: Song of Slaying
   584 | D:1      | Reached XP level 3. HP: 22/28 MP: 6/6
  1219 | D:1      | Reached XP level 4. HP: 18/34 MP: 7/7
  1731 | D:1      | Reached XP level 5. HP: 16/41 MP: 8/8
  1982 | D:2      | Noticed Natasha
  1992 | D:2      | Killed Natasha
  3443 | D:3      | Found a glowing golden altar of the Shining One.
  3444 | D:3      | Found an ancient bone altar of Kikubaaqudgha.
  3446 | D:3      | Found a hazy altar of Hepliaklqana.
  3446 | D:3      | Found an opulent altar of Gozag.
  3561 | D:3      | Noticed Natasha
  3571 | D:3      | Killed Natasha
  3571 | D:3      | Reached XP level 6. HP: 44/48 MP: 2/9
  3827 | D:3      | Found a sacrificial altar of Ru.
  4023 | D:3      | Noticed Natasha
  4041 | D:3      | Killed Natasha
  4339 | D:4      | Got a smoking flail
  4341 | D:4      | Identified the +6 flail "Diennath" {flame, +Blink rElec rF+ MP-9} (You found it on level 4 of the Dungeon)
  4374 | D:4      | Found a staircase to the Ecumenical Temple.
  4383 | Temple   | Entered the Ecumenical Temple
  4420 | Temple   | Became a worshipper of Warmaster Okawaru
  4628 | D:4      | Reached skill level 1 in Maces & Flails
  4636 | D:4      | Found a burning altar of Makhleb.
  4886 | D:4      | Reached XP level 7. HP: 47/55 MP: 1/10
  4935 | D:4      | Reached skill level 5 in Fighting
  5044 | D:5      | Entered Level 5 of the Dungeon
  5211 | D:5      | Reached * piety under Okawaru
  5242 | D:5      | Found a hazy altar of Hepliaklqana.
  5383 | D:5      | Reached XP level 8. HP: 17/64 MP: 2/11
  5886 | D:5      | Reached ** piety under Okawaru
  6191 | D:6      | Noticed Menkaure
  6203 | D:6      | Killed Menkaure
  6203 | D:6      | Reached skill level 5 in Dodging
  6445 | D:6      | Reached XP level 9. HP: 62/72 MP: 3/12
  6601 | D:6      | Found a glowing drain.
  6618 | Sewer    | Entered a sewer
  6852 | Sewer    | Reached skill level 5 in Armour
  7644 | D:6      | Found a stormy altar of Qazlal.
  7662 | D:6      | Found a blossoming altar of Fedhas.
  7704 | D:6      | Reached skill level 3 in Long Blades
  7920 | D:6      | Learned a level 3 spell: Spectral Weapon
  7924 | D:6      | Learned a level 3 spell: Regeneration
  8235 | D:6      | Reached *** piety under Okawaru
  8333 | D:6      | Reached skill level 4 in Long Blades
  8353 | D:6      | Found a blossoming altar of Fedhas.
  8507 | D:6      | Found a runed door.
  8513 | D:6      | Noticed Crazy Yiuf
  8518 | D:6      | Killed Crazy Yiuf
  9133 | D:7      | Reached skill level 1 in Invocations
  9147 | D:7      | Reached skill level 5 in Long Blades
  9147 | D:7      | Reached XP level 10. HP: 82/82 MP: 10/13
  9288 | D:7      | Found a deep blue altar of Sif Muna.
 10032 | D:7      | Reached skill level 6 in Long Blades
 10536 | D:7      | Reached skill level 5 in Charms
 10741 | D:8      | Found a white marble altar of Elyvilon.
 10741 | D:8      | Noticed a two-headed ogre
 10867 | D:8      | Killed a two-headed ogre
 10867 | D:8      | Reached skill level 7 in Long Blades
 10972 | D:8      | Reached **** piety under Okawaru
 11010 | D:8      | Noticed Psyche
 11422 | D:8      | Killed Psyche
 11701 | D:8      | Received a gift from Okawaru
 11925 | D:8      | Got an encrusted chain mail
 11928 | D:8      | Identified the +3 chain mail of the Thunderstorm {Dex+2} (You found it on level 8 of the Dungeon)
 11958 | D:8      | Found a shattered altar of Ashenzari.
 12017 | D:8      | Reached skill level 8 in Long Blades
 12017 | D:8      | Reached skill level 5 in Invocations
 12218 | D:9      | Reached XP level 11. HP: 81/87 MP: 14/14
 12290 | D:9      | Found a snail-covered altar of Cheibriados.
 13051 | D:9      | Noticed a two-headed ogre
 13121 | D:9      | Killed a two-headed ogre
 13121 | D:9      | Reached skill level 9 in Long Blades
 13962 | D:9      | Reached skill level 10 in Long Blades
 13973 | D:9      | Reached ***** piety under Okawaru
 14135 | D:9      | Found a staircase to the Lair.
 14148 | Lair:1   | Entered Level 1 of the Lair of Beasts
 14281 | D:10     | Entered Level 10 of the Dungeon
 14367 | D:10     | Noticed Maurice
 14382 | D:10     | Killed Maurice
 14921 | D:10     | Gained mutation: You are agile. (Dex +2) [mutagenic meat]
 14922 | D:10     | Gained mutation: You are partially covered in rugged brown scales. (AC +1, +3% HP) [mutagenic meat]
 15557 | D:10     | Reached XP level 12. HP: 89/96 MP: 17/17
 15603 | D:10     | Noticed a deep troll
 15603 | D:10     | Noticed a storm dragon
 15604 | D:10     | Noticed a tengu reaver
 15973 | Lair:2   | Noticed Gastronok
 15976 | Lair:2   | Found a frozen archway.
 16002 | Lair:2   | Killed Gastronok
 16002 | Lair:2   | Received a gift from Okawaru
 16002 | Lair:2   | Reached skill level 11 in Long Blades
 16011 | Lair:2   | Got a transparent halberd {god gift}
 16203 | Lair:2   | Identified the +1 halberd of Moral Flaws {chop, rElec Dex+6} (Okawaru gifted it to you on level 2 of the Lair of Beasts)
 16208 | IceCv    | Entered an ice cave
 16832 | IceCv    | Noticed an ice dragon
 16832 | IceCv    | Noticed an ice dragon
 16848 | IceCv    | Killed an ice dragon
 16856 | IceCv    | Killed an ice dragon
 16856 | IceCv    | Received a gift from Okawaru
 16856 | IceCv    | Reached skill level 12 in Long Blades
 17400 | Lair:1   | Noticed a five-headed hydra
 17418 | Lair:1   | Killed a five-headed hydra
 17840 | Lair:2   | Reached XP level 13. HP: 44/104 MP: 15/19
 19513 | Lair:2   | Received a gift from Okawaru
 20169 | Lair:2   | Reached skill level 13 in Long Blades
 20188 | Lair:2   | Noticed a five-headed hydra
 20212 | Lair:2   | Killed a five-headed hydra
 20664 | Lair:2   | Found a staircase to the Shoals.
 21431 | Lair:3   | Noticed an eight-headed hydra
 21440 | Lair:3   | Killed an eight-headed hydra
 22892 | Lair:4   | Reached skill level 1 in Evocations
 23111 | Lair:4   | Noticed Rupert
 23140 | Lair:4   | Killed Rupert
 23140 | Lair:4   | Received a gift from Okawaru
 23237 | Lair:4   | Reached XP level 14. HP: 112/112 MP: 20/20
 23388 | Lair:4   | Reached skill level 14 in Long Blades
 23439 | Lair:4   | Found a hole to the Spider Nest.
 24793 | Lair:5   | Found a staircase to the Slime Pits.
 25523 | Lair:5   | Received a gift from Okawaru
 25720 | Lair:6   | Entered Level 6 of the Lair of Beasts
 26302 | Lair:6   | Found a glowing silver altar of Zin.
 26505 | Lair:6   | Reached skill level 10 in Fighting
 26662 | Lair:6   | Reached skill level 15 in Long Blades
 27191 | Lair:6   | Received a gift from Okawaru
 27222 | Lair:6   | Got a scorched hunting sling {god gift}
 27224 | Lair:6   | Identified the +1 hunting sling of Resourcefulness {flame, rElec MR- Str+4} (Okawaru gifted it to you on level 6 of the Lair of Beasts)
 27269 | Lair:6   | Found a runed door.
 27323 | Lair:6   | Paralysed by a hornet for 1 turns
 27522 | Lair:6   | Reached XP level 15. HP: 86/120 MP: 21/21
 27821 | Lair:6   | Paralysed by a hornet for 3 turns
 28567 | Lair:6   | Received a gift from Okawaru
 29717 | Lair:6   | Received a gift from Okawaru
 29720 | Lair:6   | Got a jewelled ring mail {god gift}
 29732 | Lair:6   | Identified the +1 ring mail of Modaby {+Blink Dex+8 Slay-5} (Okawaru gifted it to you on level 6 of the Lair of Beasts)
 29941 | Lair:6   | Reached skill level 16 in Long Blades
 30771 | D:11     | Found a bloodstained altar of Trog.
 30921 | D:11     | Found a staircase to the Orcish Mines.
 30939 | D:11     | Found Yhoigac's Assorted Antiques.
 30962 | D:11     | Noticed Grum
 30986 | D:11     | Killed Grum
 31036 | D:11     | Found a labyrinth entrance.
 31046 | Lab      | Entered a labyrinth
 31530 | D:11     | Bought a scroll labeled WADISIEREWN for 33 gold pieces
 32422 | D:11     | Got a distressingly furry leather armour
 32435 | D:11     | Identified the +1 leather armour "Fozxyulu" {rPois rF+ Str+3} (You found it on level 11 of the Dungeon)
 32651 | Orc:1    | Entered Level 1 of the Orcish Mines
 32651 | Orc:1    | Noticed an orc warlord
 32707 | Orc:1    | Killed an orc warlord
 32707 | Orc:1    | Received a gift from Okawaru
 33118 | Orc:2    | Entered Level 2 of the Orcish Mines
 33142 | Orc:2    | Found a staircase to the Elven Halls.
 33221 | Orc:2    | Noticed an orc warlord
 33623 | Orc:1    | Noticed Nergalle
 33639 | Orc:1    | Killed Nergalle
 33639 | Orc:1    | Reached XP level 16. HP: 128/128 MP: 18/22
 33899 | Orc:1    | Found a roughly hewn altar of Beogh.
 34023 | Orc:2    | Found Futrukh's Antique Weapon Boutique.
 34932 | Orc:2    | Received a gift from Okawaru
 35209 | Orc:2    | Found Gyrisuk's General Store.
 35237 | Orc:2    | Bought a potion of agility for 64 gold pieces
 35237 | Orc:2    | Bought a scroll of identify for 32 gold pieces
 35497 | Orc:2    | Found Zid Xaru's Book Shop.
 35617 | Orc:2    | Bought a book of Fire for 780 gold pieces
 35676 | Orc:2    | Found Wanan's Antique Armour Shop.
 35689 | Orc:2    | Bought a distressingly furry chain mail for 256 gold pieces
 35696 | Orc:2    | Identified the +2 chain mail of Temperance {rF+ rC+} (You bought it in a shop on level 2 of the Orcish Mines)
 36439 | D:12     | Found a shimmering altar of Xom.
 36452 | D:12     | Found a shimmering altar of Xom.
 36452 | D:12     | Found a shimmering altar of Xom.
 36452 | D:12     | Found a shimmering altar of Xom.
 36453 | D:12     | Found a shimmering altar of Xom.
 36596 | D:12     | Reached skill level 17 in Long Blades
 37333 | D:12     | Reached skill level 10 in Armour
 38252 | D:13     | Reached skill level 10 in Charms
 38478 | D:13     | Found a gate to the Vaults.
 38639 | Elf:1    | Entered Level 1 of the Elven Halls
 39139 | Elf:1    | Received a gift from Okawaru
 39509 | Elf:1    | Reached XP level 17. HP: 12/136 MP: 9/23
 40622 | Elf:1    | Reached skill level 18 in Long Blades
 42629 | Spider:1 | Entered Level 1 of the Spider Nest
 42662 | Spider:1 | Noticed Donald
 42707 | Spider:1 | Killed Donald
 42707 | Spider:1 | Received a gift from Okawaru
 43262 | Spider:1 | HP: 1/136 [tarantella (11)]
 43262 | Spider:1 | Mangled by an entropy weaver

Vault maps used:
D:1:      shiori_shiawase, serial_forest, infiniplex_forest_clump_tiny,
          infiniplex_forest_diagonal, infiniplex_forest_straight_2,
          infiniplex_forest_straight_2, infiniplex_forest_straight_2,
          infiniplex_forest_lined_3, infiniplex_forest_straight_2,
          minmay_box_of_dots
D:2:      first_bread, minmay_pentomino_p2, uniq_natasha
D:3:      nicolae_ru_sacrificial_ziggurat,
          chequers_temple_overflow_statue_of_worship, kennysheep_generic_room_12
D:4:      black_bear_nest_2, marbit_many_paths, minmay_temple_entry_junction
D:5:      basic_altar
D:6:      grunt_temple_overflow_forces_of_nature, gup_sewer_entry_bubbles,
          kennysheep_diamond, uniq_menkaure, uniq_crazy_yiuf_cottage
D:7:      lemuel_crystal_altar, the_bakery
D:8:      ashenzari_altar_1, basic_altar, uniq_psyche
D:9:      lair_entry_dummy, basic_altar
D:10:     minmay_the_grid_four_pointed_star_mashed, uniq_maurice
D:11:     david_orc_3, serial_co_window_serial, co_window_paths_a,
          co_window_corner_a, co_window_corner_a, co_window_paths_a,
          co_window_corner_a, co_window_paths_b, co_window_of_opportunity_a,
          co_window_corner_cb, co_window_corner_b, co_window_broadway_b,
          co_window_broadway_b, co_window_corner_ca, co_window_2corner,
          glass_columns_a, glass_columns_c, glass_columns_b, lab_entry_generic,
          basic_altar, serial_shops, shop, minivault_8, uniq_grum
D:12:     xom_redecorated
D:13:     david_vaults_4
Temple:   minmay_temple_forest_path
Lair:1:   beast_lair_carwin_4
Lair:2:   minmay_shoals_entry_centaurs, portal_ice_cave_entry_pillars_1,
          uniq_gastronok
Lair:4:   nicolae_spider_entry_tight_spaces, lemuel_fruit_fields, uniq_rupert
Lair:5:   slime_dummy, serial_bayou_lake_a
Lair:6:   wormcave, hangedman_lair_in_review, basic_altar, serial_bayou_pond_a,
          infiniplex_staircase_pool
Spider:1: uniq_donald
Orc:1:    nicolae_orc_lost_temple, uniq_nergalle
Orc:2:    grunt_orc_gardens, grunt_orc_garden, grunt_orc_garden,
          grunt_orc_garden, grunt_orc_garden
Elf:1:    elf_arrival_001, minivault_28, hangedman_elven_pyramids
Elf:2:    basic_altar, st_stairs_4
Lab:      nicolae_lab_big_swirl, labyrinth_skeletal_remains, nicolae_lab_grate_2
Sewer:    sewer_co_tree
IceCv:    ice_cave_small_dragons

Skill      XL: |  1  2  3  4  5  6  7  8  9 10 11 12 13 14 15 16 17 |
---------------+----------------------------------------------------+-----
Fighting       | 3 4 5 7 8 9 10 11 | 11.7
Armour         | 2 3 4 5 6 7 9 10 11 | 11.5
Dodging        | 3 4 5 6 7 8 |  8.9
Charms         | 4 6 7 9 10 11 | 11.2
Maces & Flails | 1 |  1.0
Long Blades    | 5 8 10 12 13 15 16 17 18 | 18.5
Invocations    | 1 5 7 9 |  9.0
Evocations     | 2 4 |  4.6
Spellcasting   | 4 |  4.0

Action                   |  1- 3 |  4- 6 |  7- 9 | 10-12 | 13-15 | 16-18 || total
-------------------------+-------+-------+-------+-------+-------+-------++-------
Melee: Falchion          |   111 |   234 |       |       |       |       ||   345
       Flail             |       |    26 |   225 |    25 |    56 |       ||   332
       Great sword       |       |       |    59 |   421 |  1056 |   785 ||  2321
       Long sword        |       |       |    16 |   194 |       |       ||   210
       Punch             |       |       |       |     4 |     1 |       ||     5
Throw: Tomahawk          |       |       |    17 |     2 |     1 |       ||    20
 Cast: Song of Slaying   |       |     5 |     2 |     6 |     7 |     4 ||    24
       Infusion          |       |     9 |     3 |    25 |     6 |    30 ||    73
       Shroud of Golubri |       |       |       |    21 |   125 |    64 ||   210
       Spectral Weapon   |       |       |       |       |    44 |    24 ||    68
       Regeneration      |       |       |       |       |       |     9 ||     9
Invok: Heroism           |       |       |     9 |    20 |    35 |    24 ||    88
       Finesse           |       |       |       |     3 |     7 |     5 ||    15
Evoke: Wand              |       |       |       |     8 |    10 |     9 ||    27
       Lightning rod     |       |       |       |       |     4 |     1 ||     5
       Fan of gales      |       |       |       |       |     1 |       ||     1
  Use: Scroll            |       |     7 |     6 |    12 |    12 |     8 ||    45
       Potion            |       |       |     1 |     3 |     5 |     6 ||    15
 Stab: Sleeping          |     1 |       |       |       |       |       ||     1
       Distracted        |       |       |       |       |     6 |     1 ||     7
       Confused          |       |       |       |       |       |     2 ||     2
  Eat: Chunk             |    11 |    13 |    15 |    36 |    37 |     9 ||   121
       Fruit             |       |       |       |       |    20 |     2 ||    22
       Bread ration      |       |       |       |       |     2 |     6 ||     8
Armor: Leather armour    |    23 |    84 |       |       |       |       ||   107
       Scale mail        |       |    10 |   126 |    19 |       |    10 ||   165
       Ring mail         |       |       |       |   288 |   442 |    62 ||   792
       Chain mail        |       |       |       |       |    14 |   161 ||   175
       Ice dragon scales |       |       |       |       |       |   176 ||   176
Dodge: Dodged            |    67 |   200 |   151 |   461 |  1003 |   609 ||  2491
       Rpst.: Falchion   |    22 |    48 |       |       |       |       ||    70
       Great sword       |       |       |     6 |    76 |   220 |   134 ||   436
       Long sword        |       |       |     6 |    22 |       |       ||    28
